[Event "Israel-ch Women 2021"]
[Site "Haifa"]
[Date "2021.03.13"]
[Round "7.19"]
[White "Federovski, Adi"]
[Black "Reprun, Nadejda"]
[Result "1/2-1/2"]
[ECO "B12"]
[WhiteElo "1995"]
[BlackElo "1968"]
[Annotator "NA"]
[PlyCount "95"]
[EventDate "2021.01.10"]
[EventType "swiss"]
[EventCountry "ISR"]
[SourceTitle "playchess.com"]
[Source "ChessBase"]
[SourceQuality "1"]
[TimeControl "40/5400+30:3600+30"]

1. e4 c6 2. d4 d5 3. e5 c5 4. dxc5 e6 5. Be3 Nc6 6. f4 d4 7. Bf2 Bxc5 8. Nd2 Nh6 9. Bd3 O-O 10. Ngf3 Nb4 11. Ne4 Nxd3+ 12. Qxd3 Bb4+ 13. Ned2 f6 14. Bxd4 fxe5 15. fxe5 Nf5 16. O-O-O Bd7 17. Ne4 Bc6 18. a3 Be7 19. Rhe1 Bd5 20. Kb1 b5 21. Nd6 Nxd6 22. exd6 Bxd6 23. h4 Bc4 24. Qe4 Rf4 25. Qe3 Qf8 26. Ng5 Re8 27. g3 Rf5 28. g4 Rf4 29. Ne4 Rxg4 30. Nxd6 Qxd6 31. Be5 Qe7 32. Rg1 h5 33. Qf3 Bd5 34. Qc3 Rf8 35. Rxg4 hxg4 36. Qg3 Qf7 37. Rg1 Qf1+ 38. Qe1 Qxe1+ 39. Rxe1 Rf3 40. Rg1 Rh3 41. Bg3 Rh1 42. Rxh1 Bxh1 43. Kc1 Kf7 44. Kd2 Kf6 45. Ke3 e5 46. Bh2 Kf5 47. Bg3 g6 48. Bh2 1/2-1/2

[Event "Israel-ch Women 2021"]
[Site "Haifa"]
[Date "2021.03.13"]
[Round "7.20"]
[White "Levitan, Ronit"]
[Black "Lian, Marina"]
[Result "0-1"]
[ECO "C07"]
[WhiteElo "2048"]
[BlackElo "1870"]
[Annotator "ChessBase"]
[PlyCount "100"]
[EventDate "2021.01.10"]
[EventType "swiss"]
[EventCountry "ISR"]
[SourceTitle "playchess.com"]
[Source "ChessBase"]
[SourceQuality "1"]
[TimeControl "40/5400+30:3600+30"]

1. e4 e6 2. d4 d5 3. Nd2 c5 4. exd5 Qxd5 5. Ngf3 cxd4 6. Bc4 Qd8 7. O-O a6 8. Nb3 Nc6 9. Nbxd4 Nxd4 10. Nxd4 Qc7 11. Bb3 Bd6 12. Re1 Bxh2+ 13. Kh1 Nf6 14. Nf5 O-O 15. Nxg7 Rd8 16. Qf3 Kxg7 17. Bh6+ Kg6 18. c3 Nh5 19. Bc1 Bf4 20. g4 Bxc1 21. gxh5+ Kg7 22. Rg1+ Kf8 23. Raxc1 b6 24. Qe3 Bb7+ 25. f3 Qc5 26. Qxc5+ bxc5 27. Rcf1 Rd2 28. Rg2 Rad8 29. Rff2 Rxf2 30. Rxf2 Kg7 31. Kg2 Kh6 32. Kg3 Kxh5 33. Rh2+ Kg6 34. Bc2+ f5 35. Re2 Kf6 36. Kf4 h5 37. Rh2 e5+ 38. Ke3 f4+ 39. Ke2 Rh8 40. Kf2 h4 41. Bd3 h3 42. Bf1 Bc8 43. b4 Kg5 44. a4 Kh4 45. b5 a5 46. Bd3 Rd8 47. Be4 Rd2+ 48. Kg1 Rd1+ 49. Kf2 Ra1 50. b6 Ba6 0-1

[Event "Israel-ch Women 2021"]
[Site "Haifa"]
[Date "2021.03.13"]
[Round "7.21"]
[White "Gadasi, Noam"]
[Black "Vardi, Shlomit"]
[Result "1-0"]
[ECO "E86"]
[WhiteElo "1781"]
[BlackElo "1901"]
[Annotator "ChessBase"]
[PlyCount "105"]
[EventDate "2021.01.10"]
[EventType "swiss"]
[EventCountry "ISR"]
[SourceTitle "playchess.com"]
[Source "ChessBase"]
[SourceQuality "1"]
[TimeControl "40/5400+30:3600+30"]

1. e4 d6 2. d4 g6 3. c4 Bg7 4. Nc3 Nf6 5. f3 c6 6. Be3 O-O 7. Qd2 e5 8. Nge2 Re8 9. d5 cxd5 10. Nxd5 Nxd5 11. Qxd5 Nc6 12. Qd2 Be6 13. Nc3 a6 14. O-O-O Qa5 15. Kb1 b5 16. Nd5 Bxd5 17. Qxa5 Nxa5 18. Rxd5 Nxc4 19. Bxc4 bxc4 20. Rxd6 Reb8 21. Rc1 Rc8 22. Kc2 Bf8 23. Rd5 f6 24. Rcd1 a5 25. Bd2 Bb4 26. a3 Bxd2 27. R1xd2 Kg7 28. Rd7+ Kh6 29. Rf7 Rc6 30. Rdd7 Kg5 31. g3 Rh8 32. Rc7 Rxc7 33. Rxc7 h5 34. h4+ Kh6 35. Rxc4 g5 36. Rc6 Kg6 37. Rc5 a4 38. Kc3 Rb8 39. Kc2 Rb3 40. Rc3 Rb6 41. b4 axb3+ 42. Rxb3 Rc6+ 43. Rc3 Ra6 44. Kb3 f5 45. Rc5 fxe4 46. fxe4 gxh4 47. gxh4 Kf6 48. a4 Rd6 49. a5 Ke6 50. Rc4 Rd3+ 51. Kb4 Rd1 52. a6 Rb1+ 53. Ka5 1-0

[Event "Israel-ch Women 2021"]
[Site "Haifa"]
[Date "2021.03.13"]
[Round "7.22"]
[White "Aleksandrova, Aleksandra"]
[Black "Golovchanskaya, Alina"]
[Result "0-1"]
[ECO "A46"]
[WhiteElo "1769"]
[BlackElo "1681"]
[Annotator "NA"]
[PlyCount "120"]
[EventDate "2021.01.10"]
[EventType "swiss"]
[EventCountry "ISR"]
[SourceTitle "playchess.com"]
[Source "ChessBase"]
[SourceQuality "1"]
[TimeControl "40/5400+30:3600+30"]

1. d4 Nf6 2. Nd2 d6 3. e4 Nbd7 4. Ngf3 e5 5. c3 Be7 6. Bd3 O-O 7. a4 a5 8. Qc2 c6 9. Nc4 Qc7 10. Bg5 Re8 11. Ne3 h6 12. Bh4 d5 13. O-O exd4 14. cxd4 dxe4 15. Bxe4 Nxe4 16. Qxe4 Nb6 17. Bg3 Qd8 18. Qc2 Bb4 19. Rad1 Nd5 20. Ne5 Nxe3 21. fxe3 f6 22. Qg6 fxe5 23. Rf7 Bf8 24. Rdf1 Be6 25. R7f6 Qd7 26. Bxe5 Bc4 27. Rc1 Bf7 28. Qg3 Re6 29. Rcf1 Rxf6 30. Rxf6 Kh7 31. Rf1 Bg6 32. h4 h5 33. Rf4 Bd6 34. Qf2 Bxe5 35. dxe5 Re8 36. Rd4 Qf5 37. Qxf5 Bxf5 38. e4 Bg4 39. b4 Rxe5 40. bxa5 Rxa5 41. Rb4 b5 42. axb5 Rxb5 43. Rc4 c5 44. Kf2 Be6 45. Rc2 c4 46. Ke3 Kg6 47. Kd4 Kf7 48. Rf2+ Ke7 49. Ra2 Rb3 50. Ke5 Rb5+ 51. Kd4 Rb7 52. Ra5 g6 53. Ke5 Rc7 54. Ra1 c3 55. Kf4 c2 56. Rc1 Bb3 57. Kg5 Kf7 58. Rf1+ Kg7 59. Rc1 Rd7 60. e5 Rd1 0-1

[Event "Israel-ch Women 2021"]
[Site "Haifa"]
[Date "2021.03.13"]
[Round "7.23"]
[White "Shaul Seidner, Liad"]
[Black "Kochavi, Dana"]
[Result "0-1"]
[ECO "B12"]
[WhiteElo "1687"]
[BlackElo "1572"]
[Annotator "NA"]
[PlyCount "70"]
[EventDate "2021.01.10"]
[EventType "swiss"]
[EventCountry "ISR"]
[SourceTitle "playchess.com"]
[Source "ChessBase"]
[SourceQuality "1"]
[TimeControl "40/5400+30:3600+30"]

1. e4 c6 2. Nf3 d5 3. e5 Bf5 4. d4 e6 5. Bd3 Bxd3 6. cxd3 Ne7 7. O-O Nf5 8. Nc3 Be7 9. Ne2 h5 10. Nd2 Qb6 11. Qb3 Nd7 12. Qxb6 axb6 13. Nf3 h4 14. g4 hxg3 15. hxg3 c5 16. Bd2 cxd4 17. b4 Ra3 18. Rfc1 Bd8 19. Kg2 Rxd3 20. Nf4 Ra3 21. Rh1 Rxh1 22. Rxh1 Rxa2 23. Rh8+ Ke7 24. Ng6+ fxg6 25. Bg5+ Nf6 26. g4 Ne3+ 27. Kg3 Nexg4 28. exf6+ Nxf6 29. Ne5 Bc7 30. f4 Kd6 31. Kf3 Ra3+ 32. Ke2 Re3+ 33. Kd1 Ne4 34. Nxg6 Nxg5 35. fxg5 Rg3 0-1

[Event "Israel-ch Women 2021"]
[Site "Haifa"]
[Date "2021.03.14"]
[Round "8.17"]
[White "Gadasi, Noam"]
[Black "Shvayger, Yuliya"]
[Result "0-1"]
[ECO "E06"]
[WhiteElo "1781"]
[BlackElo "2327"]
[Annotator "ChessBase"]
[PlyCount "44"]
[EventDate "2021.01.10"]
[EventType "swiss"]
[EventCountry "ISR"]
[SourceTitle "playchess.com"]
[Source "ChessBase"]
[SourceQuality "1"]
[TimeControl "40/5400+30:3600+30"]

1. d4 Nf6 2. c4 e6 3. g3 d5 4. Bg2 Be7 5. Nf3 O-O 6. Qc2 c5 7. dxc5 d4 8. O-O Nc6 9. Rd1 e5 10. Nbd2 a5 11. a3 Bxc5 12. Ng5 Be7 13. Nge4 Ne8 14. Nf3 f5 15. Nc3 e4 16. Ne1 Bc5 17. g4 Qh4 18. Na4 Bd6 19. g5 Bxh2+ 20. Kf1 Nc7 21. c5 Be6 22. Nb6 Rad8 0-1

[Event "Israel-ch Women 2021"]
[Site "Haifa"]
[Date "2021.03.14"]
[Round "8.18"]
[White "Lian, Marina"]
[Black "Federovski, Adi"]
[Result "0-1"]
[ECO "B23"]
[WhiteElo "1870"]
[BlackElo "1995"]
[Annotator "NA"]
[PlyCount "68"]
[EventDate "2021.01.10"]
[EventType "swiss"]
[EventCountry "ISR"]
[SourceTitle "playchess.com"]
[Source "ChessBase"]
[SourceQuality "1"]
[TimeControl "40/5400+30:3600+30"]

1. e4 c5 2. Nc3 d6 3. f4 g6 4. Nf3 Bg7 5. Bc4 Nc6 6. O-O e6 7. d4 {[%emt 0:02:13] outshines the older 7.d3.} cxd4 8. Nb5 Nge7 9. Bb3 O-O 10. Nbxd4 Nxd4 11. Nxd4 {[%emt 0:00:18] [#]} Bd7 $146 ({Predecessor:} 11... e5 12. Nf3 Nc6 13. Kh1 Be6 14. c3 Qe7 15. fxe5 dxe5 16. Bg5 f6 17. Be3 Rad8 {1-0 (45) Grischuk,A (2777)-Wei,Y (2732) Chess.com INT 2020}) 12. Be3 a6 13. c3 Nc6 14. f5 exf5 15. exf5 Be5 16. fxg6 hxg6 17. Nf3 Qe7 18. Bg5 Bf6 19. Bxf6 Qxf6 20. Qd2 Bf5 21. Qh6 Qg7 22. Qf4 Ne5 23. Nd4 $16 Bd3 24. Rf2 b5 25. Re1 Bc4 26. Bc2 Bd3 27. Bb3 Bc4 28. Bxc4 bxc4 29. Nf5 gxf5 30. Qxf5 Qg6 31. Qh3 f5 32. Rf4 Nd3 33. Rh4 Nxe1 34. Rh6 Qxg2+ 0-1

[Event "Israel-ch Women 2021"]
[Site "Haifa"]
[Date "2021.03.14"]
[Round "8.19"]
[White "Katkov, Michelle"]
[Black "Golovchanskaya, Alina"]
[Result "1/2-1/2"]
[ECO "C41"]
[WhiteElo "2078"]
[BlackElo "1681"]
[Annotator "NA"]
[PlyCount "135"]
[EventDate "2021.01.10"]
[EventType "swiss"]
[EventCountry "ISR"]
[SourceTitle "playchess.com"]
[Source "ChessBase"]
[SourceQuality "1"]
[TimeControl "40/5400+30:3600+30"]

1. e4 d6 2. d4 Nf6 3. Nc3 e5 4. Nf3 Nbd7 5. Bc4 Be7 6. O-O O-O 7. Re1 c6 8. a4 a5 {[%emt 0:00:17] 8...h6 is setting a new trend.} 9. h3 Qc7 10. Bb3 h6 11. Be3 Re8 12. Nh4 exd4 {[%emt 0:14:48] [#]} 13. Bxd4 $146 ({Predecessor:} 13. Qxd4 Nc5 14. Ba2 Be6 15. Bxe6 Nxe6 16. Qc4 Ng4 17. Nf5 d5 18. exd5 Qh2+ 19. Kf1 Nxe3+ 20. fxe3 cxd5 21. Nxe7+ Rxe7 22. Nxd5 {1-0 (53) Plotkin,V (2406)-Chernik,D (2118) Aurora 2015}) 13... Nc5 14. e5 dxe5 15. Bxe5 Qd8 16. Bxf6 Qxd1 $1 17. Raxd1 gxf6 18. Ng6 Be6 19. Bxe6 fxe6 20. Ne4 Nxe4 21. Rxe4 Kf7 22. Nxe7 Rxe7 23. Rh4 $14 Kg6 24. Rd6 f5 25. Rhd4 Rae8 26. Kf1 h5 27. h4 Kf6 28. Rd3 Ke5 29. c4 Rg8 30. g3 Rg4 31. f4+ Kf6 32. c5 Rgg7 33. Rd8 e5 34. R3d6+ Kf7 35. fxe5 Rxe5 36. R8d7+ Re7 37. Kf2 Rg4 38. Rxe7+ Kxe7 39. Rh6 f4 40. gxf4 Rxf4+ 41. Kg3 Rg4+ 42. Kh3 Rxa4 43. Rxh5 Rb4 44. Re5+ Kf6 45. Re2 Rc4 46. Rf2+ Kg6 47. Rg2+ Kh6 48. Rg5 Rc2 49. b3 Rc3+ 50. Kg4 Rxb3 51. Rh5+ Kg6 52. Rg5+ Kf6 53. Rf5+ Ke6 54. Rf8 a4 55. h5 Ke7 56. Ra8 Kf6 57. Rxa4 Rc3 58. Rf4+ Kg7 59. Rf5 Kh6 60. Kf4 Rc4+ 61. Ke3 Rb4 62. Kd3 b6 63. cxb6 Rxb6 64. Kc4 Rb1 65. Rf6+ Kxh5 66. Rxc6 Rc1+ 67. Kd5 Rxc6 68. Kxc6 1/2-1/2

[Event "Israel-ch Women 2021"]
[Site "Haifa"]
[Date "2021.03.14"]
[Round "8.20"]
[White "Reprun, Nadejda"]
[Black "Haitovich, Avital"]
[Result "1-0"]
[ECO "C41"]
[WhiteElo "1968"]
[BlackElo "1981"]
[Annotator "NA"]
[PlyCount "75"]
[EventDate "2021.01.10"]
[EventType "swiss"]
[EventCountry "ISR"]
[SourceTitle "playchess.com"]
[Source "ChessBase"]
[SourceQuality "1"]
[TimeControl "40/5400+30:3600+30"]

1. e4 e5 2. Nf3 d6 3. d4 exd4 4. Nxd4 Nf6 5. Nc3 Be7 6. Be2 O-O 7. Bf4 c6 8. Qd3 b5 9. Bf3 (9. a3 $14) 9... a6 (9... b4 $11 {remains equal.}) 10. a3 Ra7 11. O-O Qb6 12. Rad1 Rd8 13. Qe3 a5 {[%emt 0:17:33] [#]} (13... c5 $16) 14. Nxc6 $1 Qxe3 15. Nxe7+ Rxe7 $18 16. Bxe3 b4 17. Nd5 Nxd5 18. Rxd5 bxa3 19. bxa3 Bb7 20. Rd2 Bxe4 21. Bxe4 Rxe4 22. Rfd1 Re6 23. h3 Nc6 24. Bc5 Ne5 25. Rxd6 Rexd6 26. Rxd6 Rc8 27. Rd5 f6 28. Bd4 Nc4 29. a4 Kf7 30. Rd7+ Kf8 31. Rb7 Nd6 32. Ra7 Nc4 33. c3 Rd8 34. Kf1 Rd5 35. Rb7 Na3 36. Ke2 Kg8 37. Kd3 Rd8 38. Rb3 1-0

[Event "Israel-ch Women 2021"]
[Site "Haifa"]
[Date "2021.03.14"]
[Round "8.21"]
[White "Aleksandrova, Aleksandra"]
[Black "Orian, Noga"]
[Result "0-1"]
[ECO "A46"]
[WhiteElo "1769"]
[BlackElo "1658"]
[Annotator "NA"]
[PlyCount "116"]
[EventDate "2021.01.10"]
[EventType "swiss"]
[EventCountry "ISR"]
[SourceTitle "playchess.com"]
[Source "ChessBase"]
[SourceQuality "1"]
[TimeControl "40/5400+30:3600+30"]

1. d4 Nf6 2. Nd2 d6 3. e4 e5 4. dxe5 dxe5 5. Ngf3 Nbd7 6. Bc4 h6 7. c3 Be7 8. b4 O-O 9. a4 c6 10. Bb2 Qc7 11. Qc2 a5 12. Nh4 Nb6 13. bxa5 Rxa5 14. Bb3 c5 15. Ba3 Be6 16. Bxe6 fxe6 17. Rb1 Kf7 18. O-O Nfd7 19. Nhf3 Rxa4 20. Bc1 Rfa8 21. Qd3 c4 22. Qe2 Ra2 23. Nh4 Bxh4 24. Qh5+ Kg8 25. Qxh4 Nc5 26. Nf3 Ra1 27. Be3 Rxb1 28. Rxb1 Nba4 29. h3 Nxc3 30. Re1 Nd3 31. Rf1 Ne2+ 32. Kh2 c3 33. Qg4 c2 34. Bxh6 c1=Q 35. Bxc1 Nexc1 36. Ng5 Re8 37. Qh5 Kf8 38. Qh8+ Ke7 39. Qxg7+ Kd8 40. Qf6+ Qe7 41. Qh6 b5 42. Nf3 Qc5 43. Qd2 Kc7 44. Rd1 b4 45. Ne1 Rd8 46. Qh6 b3 47. Nxd3 Nxd3 48. Qxe6 b2 49. Qf7+ Rd7 50. Qb3 Qxf2 51. Qc3+ Qc5 52. Rxd3 Qxc3 53. Rxc3+ Kb8 54. Rb3+ Rb7 55. Rxb2 Rxb2 56. Kg3 Kc8 57. Kf3 Kd7 58. h4 Ke6 0-1

[Event "Israel-ch Women 2021"]
[Site "Haifa"]
[Date "2021.03.14"]
[Round "8.22"]
[White "Kochavi, Dana"]
[Black "Levitan, Ronit"]
[Result "1-0"]
[ECO "C80"]
[WhiteElo "1572"]
[BlackElo "2048"]
[Annotator "NA"]
[PlyCount "55"]
[EventDate "2021.01.10"]
[EventType "swiss"]
[EventCountry "ISR"]
[SourceTitle "playchess.com"]
[Source "ChessBase"]
[SourceQuality "1"]
[TimeControl "40/5400+30:3600+30"]

1. e4 e5 2. Nf3 Nc6 3. Bb5 a6 4. Ba4 Nf6 5. O-O Nxe4 6. d4 b5 7. Bb3 d5 8. dxe5 Be6 9. Nbd2 Nc5 10. Re1 Be7 11. c3 Bf5 12. Nf1 Nxb3 13. axb3 O-O 14. Ng3 Bg6 15. h4 Bxh4 (15... h6 $11 {remains equal.}) 16. Nxh4 Qxh4 17. Qxd5 Ne7 18. Qb7 Nf5 19. Nxf5 Bxf5 20. Rxa6 Rxa6 21. Qxa6 b4 22. Be3 Rd8 23. Qb7 $14 bxc3 24. bxc3 Rc8 25. Bc5 Qg5 26. e6 Rd8 27. e7 Re8 28. Qc6 1-0

[Event "Israel-ch Women 2021"]
[Site "Haifa"]
[Date "2021.03.14"]
[Round "8.23"]
[White "Vardi, Shlomit"]
[Black "Shaul Seidner, Liad"]
[Result "0-1"]
[ECO "B23"]
[WhiteElo "1901"]
[BlackElo "1687"]
[Annotator "ChessBase"]
[PlyCount "102"]
[EventDate "2021.01.10"]
[EventType "swiss"]
[EventCountry "ISR"]
[SourceTitle "playchess.com"]
[Source "ChessBase"]
[SourceQuality "1"]
[TimeControl "40/5400+30:3600+30"]

1. e4 c5 2. Nc3 a6 3. g3 b5 4. Bg2 Bb7 5. d3 e6 6. f4 b4 7. Nb1 d5 8. Nd2 Be7 9. Nh3 h5 10. O-O Nf6 11. Nf2 Nc6 12. e5 Ng8 13. Nf3 Nh6 14. Bh3 g6 15. a3 a5 16. Bd2 Nf5 17. Bxf5 gxf5 18. axb4 axb4 19. Rxa8 Qxa8 20. d4 c4 21. Qa1 Kd7 22. h3 Ba6 23. c3 b3 24. Qa4 Qb7 25. Qa1 Bb5 26. Qd1 Qa8 27. Kh2 Qa2 28. Bc1 Na7 29. h4 Nc8 30. Nh3 Nb6 31. Nfg5 Ke8 32. Rf2 Bd7 33. Kg2 Na4 34. Qd2 Bd8 35. Ng1 Kf8 36. Qe3 Ba5 37. N1f3 Kg7 38. Nh2 Qb1 39. Nhf3 Kg6 40. Nh2 Bxc3 41. bxc3 b2 42. Bxb2 Nxb2 43. Qd2 Nd3 44. Rf1 Qb3 45. Ra1 Ba4 46. Nf1 Rb8 47. Nf3 Qb5 48. Ne1 Nxe1+ 49. Rxe1 Qb2 50. Rc1 Qxd2+ 51. Nxd2 Rb2 0-1

[Event "Israel-ch Women 2021"]
[Site "Haifa"]
[Date "2021.03.15"]
[Round "9.5"]
[White "Lian, Marina"]
[Black "Aleksandrova, Aleksandra"]
[Result "1-0"]
[ECO "B12"]
[WhiteElo "1870"]
[BlackElo "1769"]
[Annotator "NA RC"]
[PlyCount "57"]
[EventDate "2021.01.10"]
[EventType "swiss"]
[EventCountry "ISR"]
[SourceTitle "playchess.com"]
[Source "ChessBase"]
[SourceQuality "1"]
[TimeControl "40/5400+30:3600+30"]

1. e4 d6 2. d4 c6 3. Nc3 Qc7 4. f4 e5 5. Nf3 Nd7 6. Bc4 Be7 7. O-O Ngf6 8. fxe5 dxe5 9. Nxe5 Nxe5 10. Bf4 Bd6 11. dxe5 Bxe5 {[%emt 0:00:14] [#]} 12. Bxf7+ $1 Ke7 $1 ({Don't go for} 12... Kxf7 $2 {[#]} 13. Qh5+ $3 Nxh5 14. Bxe5+ {[%mdl 64] Discovered Attack} Kg6 15. Bxc7 $16) 13. Bxe5 Qxe5 14. Bb3 Ng4 15. Rf7+ Ke8 16. g3 ({Avoid the trap} 16. h3 $2 Qh2+ 17. Kf1 Ne3+ {[%mdl 64] Double Attack} 18. Kf2 Nxd1+ $19) 16... Qc5+ 17. Kh1 Nf2+ $2 {[%emt 0:01:05] [#]} (17... Rf8 $16 {was called for.} 18. Na4 Nf2+ 19. Rxf2 {[%mdl 64] Deflection} Qxf2 20. Qh5+ {[%mdl 64] Double Attack} Rf7) 18. Rxf2 $1 Qxf2 19. Qh5+ Ke7 20. Rd1 Qf6 (20... Re8 $142 21. Bc4 (21. Qxh7 Qf3+ 22. Kg1 Qe3+ 23. Kg2 Qh6 $11) 21... Bd7) 21. e5 Qf5 22. Qh4+ g5 {[%emt 0:01:08] [#]} 23. Qb4+ $1 ({Inferior is} 23. Qd4 Qf3+ 24. Kg1 Bh3 $11) 23... Ke8 {[%emt 0:00:17] [#]} 24. Kg1 $1 a5 25. Qd6 Qd7 26. Qf6 {[%emt 0:00:00] Decoy} Rf8 27. Qxg5 ({Weaker is} 27. Rxd7 Rxf6 28. Rg7 (28. Rxh7 Bf5 $16) 28... Rf5 $16) 27... Qc7 28. Qh5+ Rf7 29. Ne4 $18 1-0

[Event "Israel-ch Women 2021"]
[Site "Haifa"]
[Date "2021.03.15"]
[Round "9.6"]
[White "Shaul Seidner, Liad"]
[Black "Gadasi, Noam"]
[Result "1/2-1/2"]
[ECO "B52"]
[WhiteElo "1687"]
[BlackElo "1781"]
[Annotator "NA RC"]
[PlyCount "97"]
[EventDate "2021.01.10"]
[EventType "swiss"]
[EventCountry "ISR"]
[SourceTitle "playchess.com"]
[Source "ChessBase"]
[SourceQuality "1"]
[TimeControl "40/5400+30:3600+30"]

1. e4 c5 2. Nf3 d6 3. Bb5+ Bd7 4. Bxd7+ Qxd7 5. O-O Nc6 6. Re1 Nf6 7. c3 e6 8. d4 cxd4 9. cxd4 d5 10. e5 Ne4 11. Nbd2 Nxd2 12. Bxd2 Be7 13. Rc1 O-O 14. a3 a5 15. Qe2 a4 16. Rc2 Rfc8 17. Rec1 Na7 18. Qd3 Rxc2 19. Rxc2 Rc8 20. g3 Rxc2 21. Qxc2 Qc6 22. Qxc6 Nxc6 23. Kf1 Kf8 24. Ke2 f6 25. Kd3 h6 26. exf6 Bxf6 27. h4 h5 28. Bc3 Ke7 29. Ke3 Kf7 30. Kf4 Be7 31. Ne5+ Ke8 32. Nxc6 bxc6 33. Bb4 Bf6 34. Bc5 Kd7 35. Ke3 e5 36. Kd3 exd4 37. f3 Be5 38. g4 hxg4 39. fxg4 Bf6 40. g5 Be5 41. h5 Bf4 42. Bf8 Bxg5 43. Bxg7 Ke6 44. Bxd4 Kf5 45. Kc3 Be7 46. b3 axb3 47. Kxb3 Bxa3 48. Kxa3 Kg5 49. Kb4 1/2-1/2

[Event "Israel-ch Women 2021"]
[Site "Haifa"]
[Date "2021.03.15"]
[Round "9.7"]
[White "Levitan, Ronit"]
[Black "Vardi, Shlomit"]
[Result "0-1"]
[ECO "B06"]
[WhiteElo "2048"]
[BlackElo "1901"]
[Annotator "RC"]
[PlyCount "120"]
[EventDate "2021.01.10"]
[EventType "swiss"]
[EventCountry "ISR"]
[SourceTitle "playchess.com"]
[Source "ChessBase"]
[SourceQuality "1"]
[TimeControl "40/5400+30:3600+30"]

1. e4 d6 2. d4 g6 3. Nc3 Bg7 4. Nf3 a6 5. a4 Nf6 6. Be3 O-O 7. Qd2 Nc6 8. Bh6 e5 9. d5 Ne7 10. Bxg7 Kxg7 11. h4 h5 12. Nh2 Rb8 13. f4 exf4 14. Qxf4 c6 15. Bd3 cxd5 16. O-O Nc6 17. exd5 Ne5 18. Qd4 b5 19. a5 Bg4 20. Rae1 Qxa5 21. Kh1 Qb6 22. Qf4 Qd8 23. Be2 b4 24. Ne4 Nxd5 25. Qd2 Be6 26. Ng5 Qb6 27. Bf3 Nc7 28. Qf4 f6 29. Nxe6+ Nxe6 30. Qg3 Kh7 31. Bd5 Ng7 32. Nf3 Qc5 33. Be4 f5 34. Ng5+ Kg8 35. Bf3 Rbe8 36. Nh3 Qc4 37. Nf4 Nxf3 38. Qxf3 Rxe1 39. Rxe1 Kh7 40. Re7 Re8 41. Rxe8 Nxe8 42. Qg3 Qf7 43. Qe1 Nf6 44. Qxb4 Qe7 45. g3 Ng4 46. Qd2 Ne3 47. Nh3 Qe4+ 48. Kg1 Qe5 49. Ng5+ Kg7 50. Kf2 Qxg3+ 51. Kxg3 Nf1+ 52. Kf2 Nxd2 53. Ne6+ Kf6 54. Nc7 a5 55. b3 g5 56. hxg5+ Kxg5 57. Ne6+ Kg4 58. Nd4 h4 59. Kg2 h3+ 60. Kh1 f4 0-1